 Dungeon Crawl Stone Soup version 0.29-a0-559-g359e09b9d1 (webtiles) character file.

Game seed: 1430080001619337908

63 DocClef the Covert (level 4, -3/41 HPs)
             Began as a Gnoll Delver on June 10, 2022.
             Was an Initiate of Okawaru.
             Slain by a phantom (5 damage)
             ... on level 5 of the Dungeon.
             The game lasted 00:00:28 (180 turns).

DocClef the Covert (Gnoll Delver)                    Turns: 180, Time: 00:00:28

Health: -3/41      AC:  3    Str: 11    XL:     4   Next: 10%
Magic:  5/5        EV: 13    Int:  9    God:    Okawaru [......]
Gold:   0          SH:  0    Dex: 16    Spells: 5/5 levels left

rFire   . . .      SeeInvis .   a - +0 short sword
rCold   . . .      Faith    .   (no shield)
rNeg    . . .      Spirit   .   b - +0 leather armour
rPois   .          Reflect  .   (no helmet)
rElec   .          Harm     .   (no cloak)
rCorr   .          Rampage  .   (no gloves)
Will    .....                   (no boots)
Stlth   ++++......              (no amulet)
HPRegen 0.13/turn               (no ring)
MPRegen 0.09/turn               (no ring)

@: no status effects
A: fangs 1, strong nose, distributed training
a: Renounce Religion


You were on level 5 of the Dungeon.
You worshipped Okawaru.
Okawaru was noncommittal.
You visited 2 branches of the dungeon, and saw 2 of its levels.

Inventory:

Hand Weapons
 a - a +0 short sword (weapon)
Armour
 b - a +0 leather armour (worn)
Wands
 g - a wand of digging (3)
Scrolls
 c - a scroll of fog
 d - a scroll of magic mapping
 e - a scroll of fear
Potions
 f - a potion of haste


   Skills:
 + Level 6.6 Fighting
 + Level 4.6 Short Blades
 + Level 1.0 Long Blades
 + Level 1.0 Axes
 + Level 1.0 Maces & Flails
 + Level 1.0 Polearms
 + Level 1.0 Staves
 + Level 1.0 Slings
 + Level 1.0 Bows
 + Level 1.0 Crossbows
 + Level 1.0 Throwing
 + Level 1.0 Armour
 + Level 4.6 Dodging
 + Level 9.6 Stealth
 + Level 1.0 Shields
 + Level 1.0 Unarmed Combat
 + Level 1.0 Spellcasting
 + Level 0.8 Conjurations
 + Level 0.8 Hexes
 + Level 0.8 Summonings
 + Level 0.8 Necromancy
 + Level 0.8 Translocations
 + Level 0.8 Transmutations
 + Level 0.8 Fire Magic
 + Level 0.8 Ice Magic
 + Level 0.8 Air Magic
 + Level 0.8 Earth Magic
 + Level 0.8 Poison Magic
 + Level 1.1 Invocations
 + Level 1.0 Evocations


You had 5 spell levels left.
You didn't know any spells.
Your spell library was empty.

Dungeon Overview and Level Annotations

Branches:
Dungeon (5/15)             Temple (1/1) D:5

Altars:
Ashenzari
Cheibriados
Dithmenos
Elyvilon
Fedhas
Makhleb
Nemelex Xobeh
Okawaru
Qazlal
Ru
Sif Muna
Trog
Uskayaw
Vehumet
Xom
Zin


Innate Abilities, Weirdness & Mutations

You have very sharp teeth.
Your uncanny sense of smell can sniff out nearby items.
Your experience applies equally to all skills.


Message History

The phantom is lightly damaged.
The phantom barely misses you.
You hit the phantom but do no damage.
The phantom is lightly damaged.
The orc barely misses you. The phantom hits you.
* * * LOW HITPOINT WARNING * * *
You puncture the orc!
You kill the orc!
Okawaru accepts your kill.
You miss the phantom.
The phantom is lightly damaged.
The phantom hits you.
* * * LOW HITPOINT WARNING * * *
Okay, then.
You hit the phantom. You bite the phantom, but do no damage.
The phantom is lightly damaged.
The phantom completely misses you.
You barely miss the phantom.
The phantom is lightly damaged.
The phantom hits you.
* * * LOW HITPOINT WARNING * * *
You hit the phantom but do no damage.
The phantom is lightly damaged.
The phantom barely misses you.
You barely miss the phantom. Your bite misses the phantom.
The phantom is lightly damaged.
The phantom closely misses you.
You closely miss the phantom.
The phantom is lightly damaged.
The phantom barely misses you.
You closely miss the phantom. You punch the phantom.
Your bite misses the phantom.
The phantom is lightly damaged.
The phantom closely misses you.
You closely miss the phantom.
The phantom is lightly damaged.
You hit the phantom but do no damage.
The phantom is lightly damaged.
The phantom hits you.
You die...

#..#....!...(#.#.##
#..................
#.##..⌠...⌠..#...#
#..#.........#...#
#.......>........#
#.##.........#...######
# #..⌠...⌠..#......^.#
#....................##.
...#.........#.W@.......
...##.##:##.##.)........
.. #.#..##.............
.. #.#.####.....###.##.
#o#. #.....# # #.
#####.# #.# #.#


You could see a phantom.

Vanquished Creatures
  A necrophage (D:5)
  An orc (D:5)
2 creatures vanquished.

Notes
Turn   | Place    | Note
-------+----------+-------------------------------------------
     0 | D:5      | Reached skill level 9 in Stealth
     0 | D:5      | DocClef the Gnoll Delver began the quest for the Orb.
     0 | D:5      | Reached XP level 1. HP: 23/23 MP: 1/1
     0 | D:5      | Found a staircase to the Ecumenical Temple.
     3 | D:5      | Noticed a necrophage
     8 | D:5      | Noticed an orc wizard
     9 | D:5      | Noticed a phantom
    10 | D:5      | Killed a necrophage
    11 | D:5      | Reached skill level 1 in Long Blades
    11 | D:5      | Reached skill level 1 in Axes
    11 | D:5      | Reached skill level 1 in Maces & Flails
    11 | D:5      | Reached skill level 1 in Polearms
    11 | D:5      | Reached skill level 1 in Staves
    11 | D:5      | Reached skill level 1 in Slings
    11 | D:5      | Reached skill level 1 in Bows
    11 | D:5      | Reached skill level 1 in Crossbows
    11 | D:5      | Reached skill level 1 in Throwing
    11 | D:5      | Reached skill level 1 in Armour
    11 | D:5      | Reached skill level 1 in Shields
    11 | D:5      | Reached skill level 1 in Unarmed Combat
    11 | D:5      | Reached skill level 1 in Spellcasting
    11 | D:5      | Reached skill level 1 in Invocations
    11 | D:5      | Reached skill level 1 in Evocations
    11 | D:5      | Reached XP level 2. HP: 29/29 MP: 1/3
    11 | D:5      | Reached XP level 3. HP: 35/35 MP: 1/4
    11 | D:5      | Reached XP level 4. HP: 41/41 MP: 1/5
    14 | Temple   | Entered the Ecumenical Temple
   139 | Temple   | Became a worshipper of Warmaster Okawaru
   174 | D:5      | HP: 2/41 [phantom (1)]
   180 | D:5      | Slain by a phantom

Illustrated notes

Levels and vault maps discovered:
D:5:      layout_basic, lemuel_coloured_pillars_altar,
          nzn_wu_jian_contemplation, minmay_temple_entry_large_hall,
          serial_shops, kennysheep_mini_moat
Temple:   compressed_dpeg_circular_temple

Skill      XL: |  1 |
---------------+----+-----
Stealth        | |  9.6
Long Blades    | 1 |  1.0
Axes           | 1 |  1.0
Maces & Flails | 1 |  1.0
Polearms       | 1 |  1.0
Staves         | 1 |  1.0
Slings         | 1 |  1.0
Bows           | 1 |  1.0
Crossbows      | 1 |  1.0
Throwing       | 1 |  1.0
Armour         | 1 |  1.0
Shields        | 1 |  1.0
Unarmed Combat | 1 |  1.0
Spellcasting   | 1 |  1.0
Invocations    | 1 |  1.1
Evocations     | 1 |  1.0
Fighting       | |  6.6
Short Blades   | |  4.6
Dodging        | |  4.6
Conjurations   | |  0.8
Hexes          | |  0.8
Summonings     | |  0.8
Necromancy     | |  0.8
Translocations | |  0.8
Transmutations | |  0.8
Fire Magic     | |  0.8
Ice Magic      | |  0.8
Air Magic      | |  0.8
Earth Magic    | |  0.8
Poison Magic   | |  0.8

Action                   |  1- 3 |  4- 6 || total
-------------------------+-------+-------++-------
Melee: Short sword       |     1 |    21 ||    22
       Bite              |       |     2 ||     2
       Punch             |       |     1 ||     1
 Stab: Sleeping          |     1 |       ||     1
Armor: Leather armour    |       |     2 ||     2
Dodge: Dodged            |       |    11 ||    11

Table legend: (Time is in decaauts)
 A = Elapsed time spent in this place.
 B = Non-inter-level travel time spent in this place.
 C = Inter-level travel time spent in this place.
 D = Time resting spent in this place.
 E = Time spent auto-exploring this place.
 F = Levels seen in this place.
 G = Mean time per level.
                   A        B        C        D        E       F      G
               +--------+--------+--------+--------+--------+-----+--------+
         Total |    177 |    168 |      9 |      0 |     99 |   2 |   88.5 |
       Dungeon |     41 |     41 |      0 |      0 |      1 |   1 |   41.0 |
        Temple |    135 |    126 |      9 |      0 |     98 |   1 |  135.0 |
               +--------+--------+--------+--------+--------+-----+--------+

Top non-repeatable levels by time:
  Temple: 135 daAuts
     D:5: 41 daAuts
